ABL
CANTERBURY BULLDOGS @ PENRITH PANTHERS
08/03/2022
 
TOP OF THE 1ST
Canterbury Bulldogs batting - Pitching for Penrith Panthers : LHP Danny Scruby
Pitching: LHP Danny Scruby
Batting: RHB Andre Farnsworth 0-0: Ball
1-0: Called Strike
1-1: Swinging Strike
1-2: Strikes out swinging
Batting: SHB Harasvarupa Panyala 0-0: Ball
1-0: Called Strike
1-1: Foul Ball, location: 5F
1-2: Foul Ball, location: 2F
1-2: Ball
2-2: Foul Ball, location: 2F
2-2: Foul Ball, location: 2F
2-2: Foul Ball, location: 5FF
2-2: Foul Ball, location: 25FF
2-2: Ball
3-2: Fly out, F4 (Popup, 4MD, EV 47.5 MPH)
Batting: LHB Shane Johnston 0-0: Swinging Strike
0-1: Called Strike
0-2: Ball
1-2: Strikes out looking
Top of the 1st over - 0 runs, 0 hits, 0 errors, 0 left on base; Canterbury 0 - Penrith 0
BOTTOM OF THE 1ST
Penrith Panthers batting - Pitching for Canterbury Bulldogs : RHP Nicholas Crompton
Pitching: RHP Nicholas Crompton
Batting: RHB Kevin Emmett 0-0: Called Strike
0-1: Called Strike
0-2: Ball
1-2: DOUBLE (Flyball, 78D, EV 111.9 MPH)
Batting: RHB Cedric Neill 0-0: DOUBLE (Line Drive, 78D, EV 101.3 MPH)
Kevin Emmett scores
Batting: RHB Darren Rochow 0-0: Called Strike
0-1: Ball
1-1: Called Strike
1-2: Foul Ball, location: 5FF
1-2: DOUBLE (Line Drive, 89D, EV 103.1 MPH)
Cedric Neill scores
Batting: RHB Ian Rogers 0-0: Called Strike
0-1: Swinging Strike
0-2: Ball
1-2: Ball
2-2: Ball
3-2: Fly out, F9 (Flyball, 89XD, EV 96.3 MPH)
Runner from 2nd tags up, SAFE at 3rd, no throw by RF
Batting: LHB Ben Burgoin 0-0: Hit by Pitch
Batting: RHB Mark Ruzic 0-0: Ball
1-0: Fielders Choice at 2nd, 5-4 (Groundball, 56, EV 89.4 MPH)
Darren Rochow scores
Batting: SHB Louie Mumford 0-0: Ball
1-0: Ball
2-0: Foul Ball, location: 7LDF
2-1: Foul Ball, location: 2F
2-2: Foul Ball, location: 7LMF
2-2: Fly out, F8 (Flyball, 8RM, EV 95.6 MPH)
Bottom of the 1st over - 3 runs, 3 hits, 0 errors, 1 left on base; Canterbury 0 - Penrith 3
TOP OF THE 2ND
Canterbury Bulldogs batting - Pitching for Penrith Panthers : LHP Danny Scruby
Batting: RHB Matt Richards 0-0: Called Strike
0-1: Called Strike
0-2: Ball
1-2: Strikes out swinging
Batting: LHB Max Walters 0-0: Fly out, F5 (Popup, 5F, EV 79.4 MPH)
Batting: RHB Harry Pratly 0-0: Foul Ball, location: 9LDF
0-1: Ball
1-1: Ground out 4-3 (Groundball, 4M, EV 80.6 MPH)
Top of the 2nd over - 0 runs, 0 hits, 0 errors, 0 left on base; Canterbury 0 - Penrith 3
BOTTOM OF THE 2ND
Penrith Panthers batting - Pitching for Canterbury Bulldogs : RHP Nicholas Crompton
Batting: RHB Johnny O'Brien 0-0: Foul Ball, location: 9LMF
0-1: Ball
1-1: Ball
2-1: Foul Ball, location: 2F
2-2: Fly out, F9 (Flyball, 9S, EV 80.0 MPH)
Batting: LHB Danny Scruby 0-0: Called Strike
0-1: SINGLE (Line Drive, 78S, EV 105.0 MPH)
Batting: RHB Kevin Emmett 0-0: Foul Ball, location: 25FF
0-1: Ball
Wild Pitch!
Danny Scruby to second
1-1: Fly out, F9 (Line Drive, 89M, EV 90.6 MPH)
Batting: RHB Cedric Neill 0-0: SINGLE (Line Drive, 8LS, EV 98.1 MPH)
Danny Scruby to third
Runner from 3rd tries for Home, SAFE, throw by CF to home
Batting: RHB Darren Rochow 0-0: Ball
1-0: Called Strike
1-1: Ball
2-1: Called Strike
2-2: Fielders Choice at 2nd, 6-4 (Groundball, 6, EV 90.0 MPH)
Bottom of the 2nd over - 1 run, 2 hits, 0 errors, 1 left on base; Canterbury 0 - Penrith 4
TOP OF THE 3RD
Canterbury Bulldogs batting - Pitching for Penrith Panthers : LHP Danny Scruby
Batting: RHB Ted Claridge 0-0: Ball
1-0: Ball
2-0: Called Strike
2-1: Foul Ball, location: 7LMFF
2-2: Foul Ball, location: 9LMF
2-2: Foul Ball, location: 2F
2-2: Strikes out looking
Batting: RHB Mitchel Watson 0-0: Ball
1-0: Ball
2-0: Ball
3-0: Called Strike
3-1: Base on Balls
Batting: LHB Nicholas Crompton 0-0: Bunted foul
0-1: Bunted foul
0-2: Ball
1-2: Sac Bunt - play at second, runner OUT -> throw to first, DP!
Top of the 3rd over - 0 runs, 0 hits, 0 errors, 0 left on base; Canterbury 0 - Penrith 4
Top of the 3rd over - 0 runs, 0 hits, 0 errors, 0 left on base; Canterbury 0 - Penrith 4
BOTTOM OF THE 3RD
Penrith Panthers batting - Pitching for Canterbury Bulldogs : RHP Nicholas Crompton
Batting: RHB Ian Rogers 0-0: Called Strike
0-1: Ball
1-1: Swinging Strike
1-2: Strikes out swinging, 2-3 out at first.
Batting: LHB Ben Burgoin 0-0: SINGLE (Groundball, 6MS, EV 68.8 MPH) (infield hit)
Batting: RHB Mark Ruzic 0-0: Called Strike
0-1: Called Strike
0-2: Grounds into double play, 6-4-3 (Groundball, 6, EV 96.9 MPH)
Bottom of the 3rd over - 0 runs, 1 hit, 0 errors, 0 left on base; Canterbury 0 - Penrith 4
TOP OF THE 4TH
Canterbury Bulldogs batting - Pitching for Penrith Panthers : LHP Danny Scruby
Batting: RHB Andre Farnsworth 0-0: Foul Ball, location: 9LDF
0-1: Called Strike
0-2: Strikes out swinging
Batting: SHB Harasvarupa Panyala 0-0: Ball
1-0: SINGLE (Line Drive, 7S, EV 93.1 MPH)
Batting: LHB Shane Johnston 0-0: Swinging Strike
0-1: Called Strike
0-2: Ball
1-2: Strikes out swinging
Batting: RHB Matt Richards 0-0: Ball
1-0: Foul Ball, location: 2LF
1-1: Foul Ball, location: 7LSF
1-2: Strikes out looking
Top of the 4th over - 0 runs, 1 hit, 0 errors, 1 left on base; Canterbury 0 - Penrith 4
BOTTOM OF THE 4TH
Penrith Panthers batting - Pitching for Canterbury Bulldogs : RHP Nicholas Crompton
Batting: SHB Louie Mumford 0-0: Ball
1-0: Ball
2-0: Called Strike
2-1: Foul Ball, location: 2F
2-2: Foul Ball, location: 2F
2-2: Ball
3-2: Ground out 4-3 (Groundball, 4, EV 92.5 MPH)
Batting: RHB Johnny O'Brien 0-0: SINGLE (Groundball, 4MD, EV 101.9 MPH)
Batting: LHB Danny Scruby 0-0: Sac Bunt to 13S - play at first, batter OUT! 1-4
Johnny O'Brien to second
Batting: RHB Kevin Emmett 0-0: Swinging Strike
0-1: DOUBLE (Flyball, 89D, EV 96.3 MPH)
Johnny O'Brien scores
Pitching: RHP Keiron Cunningham
Batting: RHB Cedric Neill 0-0: Called Strike
0-1: Ball
1-1: Foul Ball, location: 5FF
1-2: Ball
2-2: Fly out, F8 (Flyball, 8LD, EV 111.9 MPH)
Bottom of the 4th over - 1 run, 2 hits, 0 errors, 1 left on base; Canterbury 0 - Penrith 5
TOP OF THE 5TH
Canterbury Bulldogs batting - Pitching for Penrith Panthers : LHP Danny Scruby
Batting: LHB Max Walters 0-0: Called Strike
0-1: Ball
1-1: Ball
2-1: Swinging Strike
2-2: Foul Ball, location: 7LSF
2-2: Ground out 4-3 (Groundball, 4, EV 91.3 MPH)
Batting: RHB Harry Pratly 0-0: Ball
1-0: Ball
2-0: Called Strike
2-1: Swinging Strike
2-2: Ball
3-2: Fly out, F7 (Flyball, 7, EV 94.4 MPH)
Batting: RHB Ted Claridge 0-0: Ground out U3 (Groundball, 34S, EV 90.6 MPH)
Top of the 5th over - 0 runs, 0 hits, 0 errors, 0 left on base; Canterbury 0 - Penrith 5
BOTTOM OF THE 5TH
Penrith Panthers batting - Pitching for Canterbury Bulldogs : RHP Keiron Cunningham
Batting: RHB Darren Rochow 0-0: Foul Ball, location: 2F
0-1: Foul Ball, location: 2F
0-2: Ball
1-2: Ball
2-2: Fly out, F9 (Line Drive, 89S, EV 87.5 MPH)
Batting: RHB Ian Rogers 0-0: Called Strike
0-1: Ball
1-1: Ball
2-1: Foul Ball, location: 9LMF
2-2: Foul Ball, location: 25FF
2-2: Ball
3-2: SINGLE (Line Drive, 9S, EV 85.0 MPH)
Batting: LHB Ben Burgoin 0-0: Ball
1-0: Foul Ball, location: 3F
1-1: Swinging Strike
1-2: Ball
2-2: Fly out, F7 (Line Drive, 7LS, EV 90.0 MPH)
Batting: RHB Mark Ruzic 0-0: Ball
1-0: Called Strike
1-1: DOUBLE (Line Drive, 9LS, EV 95.0 MPH)
Ian Rogers to third
Runner from 3rd tries for Home, throw by RF and OUT! 9-4-2
Bottom of the 5th over - 0 runs, 2 hits, 0 errors, 1 left on base; Canterbury 0 - Penrith 5
TOP OF THE 6TH
Canterbury Bulldogs batting - Pitching for Penrith Panthers : LHP Danny Scruby
Batting: RHB Mitchel Watson 0-0: Ball
1-0: Ball
2-0: Foul Ball, location: 9LMF
2-1: Foul Ball, location: 9LSF
2-2: Ball
3-2: SINGLE (Line Drive, 9S, EV 110.0 MPH)
Pinch Hitting: RHB Daniel Chesire 0-0: Ball
1-0: Foul Ball, location: 9LMF
1-1: Foul Ball, location: 2F
1-2: Ground out 5-3 (Groundball, 5S, EV 65.0 MPH)
Mitchel Watson to second
Batting: RHB Andre Farnsworth 0-0: Ball
1-0: Ball
2-0: Called Strike
2-1: Foul Ball, location: 3SF
2-2: Strikes out looking
Batting: SHB Harasvarupa Panyala 0-0: Ball
1-0: Foul Ball, location: 2F
1-1: Fly out, F8 (Flyball, 8RXD, EV 90.0 MPH)
Top of the 6th over - 0 runs, 1 hit, 0 errors, 1 left on base; Canterbury 0 - Penrith 5
BOTTOM OF THE 6TH
Penrith Panthers batting - Pitching for Canterbury Bulldogs : RHP Keiron Cunningham
Pitching: RHP Frank Fearon
Batting: SHB Louie Mumford 0-0: Ground out 6-3 (Groundball, 56, EV 76.3 MPH)
Batting: RHB Johnny O'Brien 0-0: Foul Ball, location: 2F
0-1: Called Strike
0-2: Ball
1-2: Fly out, F7 (Flyball, 7D, EV 88.1 MPH)
Batting: LHB Danny Scruby 0-0: Ball
1-0: Fly out, F6 (Popup, 15, EV 78.1 MPH)
Bottom of the 6th over - 0 runs, 0 hits, 0 errors, 0 left on base; Canterbury 0 - Penrith 5
TOP OF THE 7TH
Canterbury Bulldogs batting - Pitching for Penrith Panthers : LHP Danny Scruby
Batting: LHB Shane Johnston 0-0: Ball
1-0: Ground out 4-3 (Groundball, 4, EV 80.6 MPH)
Batting: RHB Matt Richards 0-0: Ground out 5-3 (Groundball, 56, EV 91.9 MPH)
Batting: LHB Max Walters 0-0: Ball
1-0: Foul Ball, location: 2F
1-1: Fly out, F8 (Flyball, 78D, EV 103.1 MPH)
Top of the 7th over - 0 runs, 0 hits, 0 errors, 0 left on base; Canterbury 0 - Penrith 5
BOTTOM OF THE 7TH
Penrith Panthers batting - Pitching for Canterbury Bulldogs : RHP Frank Fearon
Batting: RHB Kevin Emmett 0-0: Foul Ball, location: 25F
0-1: Called Strike
0-2: Ball
1-2: Ground out U3 (Groundball, 3, EV 105.6 MPH)
Batting: RHB Cedric Neill 0-0: Ball
1-0: Swinging Strike
1-1: Ball
2-1: Ball
3-1: Base on Balls
Batting: RHB Darren Rochow 0-0: Foul Ball, location: 2F
0-1: Ball
1-1: Called Strike
1-2: Strikes out swinging
Batting: RHB Ian Rogers 0-0: Ball
1-0: Ball
2-0: Ball
3-0: Base on Balls
Cedric Neill to second
Batting: LHB Ben Burgoin 0-0: Fly out, F9 (Flyball, 9D, EV 101.3 MPH)
Bottom of the 7th over - 0 runs, 0 hits, 0 errors, 2 left on base; Canterbury 0 - Penrith 5
TOP OF THE 8TH
Canterbury Bulldogs batting - Pitching for Penrith Panthers : LHP Danny Scruby
Batting: RHB Harry Pratly 0-0: Ball
1-0: Ball
2-0: Ball
3-0: Base on Balls
Pitching: LHP P.D. Hucknall
Batting: RHB Ted Claridge 0-0: Foul Ball, location: 9LSF
0-1: Foul Ball, location: 5F
0-2: Ball
1-2: Ball
2-2: DOUBLE (Line Drive, 5D, EV 96.3 MPH)
Harry Pratly to third
Batting: RHB Mitchel Watson 0-0: Called Strike
0-1: Ball
1-1: Ball
2-1: DOUBLE (Groundball, 5L, EV 107.5 MPH)
Harry Pratly scores
Ted Claridge scores
Pinch Hitting: LHB Silas Perrin 0-0: Foul Ball, location: 3SF
0-1: Ground out U3 (Groundball, 3L, EV 103.8 MPH)
Mitchel Watson to third
Batting: RHB Andre Farnsworth 0-0: Swinging Strike
0-1: Swinging Strike
0-2: Ball
1-2: Ball
2-2: Ball
3-2: Strikes out swinging
Batting: SHB Harasvarupa Panyala 0-0: Ball
1-0: Ball
2-0: Ball
3-0: Foul Ball, location: 5F
3-1: Base on Balls
Batting: LHB Shane Johnston 0-0: Ball
1-0: Foul Ball, location: 3F
1-1: Foul Ball, location: 2F
1-2: Foul Ball, location: 2F
1-2: DOUBLE (Flyball, 8LXD, EV 111.3 MPH)
Mitchel Watson scores
Harasvarupa Panyala to third
Runner from 3rd tries for Home, SAFE, throw by CF to home
Batting: RHB Matt Richards 0-0: Called Strike
0-1: Called Strike
0-2: Foul Ball, location: 2F
0-2: Ball
1-2: Ball
2-2: Foul Ball, location: 2F
2-2: Fly out, F4 (Popup, 3S, EV 78.8 MPH)
Top of the 8th over - 4 runs, 3 hits, 0 errors, 1 left on base; Canterbury 4 - Penrith 5
BOTTOM OF THE 8TH
Penrith Panthers batting - Pitching for Canterbury Bulldogs : RHP Frank Fearon
Pitching: RHP Jonatan Spokes
Batting: RHB Mark Ruzic 0-0: SOLO HOME RUN (Flyball, 7LD, EV 96.9 MPH), Distance : 376 ft
Batting: SHB Louie Mumford 0-0: Ball
1-0: Foul Ball, location: 5FF
1-1: Called Strike
1-2: Foul Ball, location: 2F
1-2: Foul Ball, location: 2F
1-2: Strikes out swinging
Batting: RHB Johnny O'Brien 0-0: Ball
1-0: Swinging Strike
1-1: Foul Ball, location: 2F
1-2: Ball
2-2: Ball
3-2: Ground out 6-3 (Groundball, 6, EV 104.4 MPH)
Pinch Hitting: LHB Chase Braytham 0-0: Called Strike
0-1: Foul Ball, location: 5FF
0-2: SINGLE (Flyball, 3D, EV 96.9 MPH)
Batting: RHB Kevin Emmett 0-0: Ball
1-0: Ball
2-0: Foul Ball, location: 2F
2-1: Fielders Choice at 2nd, 6-4 (Groundball, 56, EV 91.9 MPH)
Bottom of the 8th over - 1 run, 2 hits, 0 errors, 1 left on base; Canterbury 4 - Penrith 6
TOP OF THE 9TH
Canterbury Bulldogs batting - Pitching for Penrith Panthers : LHP P.D. Hucknall
Pitching: RHP Matthew Ince
Now at 1B: Butch Millar
Now in LF: Darren Rochow
Now in RF: Joel Kiddler
Batting: LHB Max Walters 0-0: Called Strike
0-1: Foul Ball, location: 7LMFF
0-2: Ball
1-2: Ball
2-2: Foul Ball, location: 7LDF
2-2: Ball
3-2: Strikes out swinging
Batting: RHB Harry Pratly 0-0: Called Strike
0-1: Foul Ball, location: 3F
0-2: Fly out, F7 (Flyball, 78XD, EV 91.3 MPH)
Batting: RHB Ted Claridge 0-0: SINGLE (Line Drive, 34D, EV 106.3 MPH)
Batting: RHB Mitchel Watson 0-0: Called Strike
0-1: Fly out, F9 (Flyball, 9, EV 88.8 MPH)
Top of the 9th over - 0 runs, 1 hit, 0 errors, 1 left on base; Canterbury 4 - Penrith 6
Sunday, May 5th , 2024 - OOTP Baseball 24.9 Build 80